 Dungeon Crawl Stone Soup version 0.31-a0-188-g5e087ee2ca (webtiles) character file.

Game seed: 9180488950507015513

139 qw the Skirmisher (level 5, 0/29 HPs)
             Began as a Deep Elf Hunter on June 23, 2023.
             Slain by an endoplasm (1 damage)
             ... on level 3 of the Dungeon.
             The game lasted 00:00:37 (1984 turns).

qw the Skirmisher (Deep Elf Hunter)                 Turns: 1984, Time: 00:00:37

Health: 0/29       AC:  5    Str: 10    XL:     5   Next: 1%
Magic:  0/7        EV: 11    Int: 14    God:
Gold:   97         SH:  0    Dex: 18    Spells: 4/4 levels left

rFire   + . .        Y - +0 arbalest
rCold   . . .        (shield currently unavailable)
rNeg    . . .        g - +0 ring mail
rPois   .            (no helmet)
rElec   .            (no cloak)
rCorr   .            (no gloves)
SInv    .            (no boots)
Will    .....        a - amulet of guardian spirit
Stlth   +            c - ring of protection from fire
HPRegen 0.24/turn    (no ring)
MPRegen 0.10/turn

%: guardian spirit
@: no status effects
A: no striking features
a: no special abilities


You were on level 3 of the Dungeon.
You visited 1 branch of the dungeon, and saw 3 of its levels.

You collected 97 gold pieces.


   Skills:
 - Level 1.5 Fighting
 + Level 8.4 Ranged Weapons
 - Level 2.4 Dodging
 - Level 1.2 Stealth


You had 4 spell levels left.
You didn't know any spells.
Your spell library was empty.

Inventory:

Hand Weapons
 Y - a +0 arbalest (weapon)
Armour
 g - a +0 ring mail (worn)
Jewellery
 a - an amulet of guardian spirit (around neck)
 c - a ring of protection from fire (left hand)
 e - a ring of willpower
Scrolls
 h - a scroll of identify
Potions
 b - a potion of mutation {unknown}
 d - a potion of attraction {unknown}
 f - a potion of curing {unknown}

Dungeon Overview and Level Annotations

Branches:
Dungeon (3/15)

Altars:


Message History

The endoplasm barely misses you.
You shoot a bolt. The bolt hits the orc!
You kill the orc!
The endoplasm barely misses you. The orc hits you but does no damage.
A hobgoblin comes into view.
The endoplasm hits you but does no damage.
You shoot a bolt. The bolt hits the orc!!
You kill the orc!
The hobgoblin misses you.
You shoot a bolt. The bolt hits the scorpion!
You kill the scorpion!
The hobgoblin hits you.
Your Ranged Weapons skill increases to level 8!
You have reached level 5!
You shoot a bolt. The bolt closely misses the hobgoblin.
You hear a shout!
The hobgoblin hits you but does no damage.
A hobgoblin comes into view.
The hobgoblin hits you but does no damage.
The endoplasm closely misses you.
You shoot a bolt. The bolt barely misses the hobgoblin.
An adder comes into view.
The hobgoblin barely misses you. The endoplasm hits you.
The endoplasm misses you. The hobgoblin closely misses you.
You shoot a bolt. The bolt hits the hobgoblin!
You kill the hobgoblin!
The adder bites you but does no damage. The endoplasm freezes you.
You are frozen.
The adder bites you.
You shoot a bolt. The bolt hits the adder!
The adder is severely wounded.
The endoplasm hits you but does no damage.
The adder misses you.
The endoplasm hits you but does no damage.
The adder bites you.
You shoot a bolt. The bolt hits the adder!
You kill the adder!
The endoplasm freezes you.
You are frozen.
The endoplasm hits you.
You die...

#.#...................#
###...............#####.#
.......................#
##.#............######.+
#.#.....######...##
#.#...###....###..#
#.#..## .......##.##
#....#.. #...gJ#..#
#...##.# #@##.# #...#..#
#..#.# #.#..# #..#.#
#....# #..#.# ####....#
#..#.# ........## ##.##.#
#......######..#..#
#.#...........##.####..#
#.#..###....###.......#


You could see an endoplasm and a hobgoblin.

Vanquished Creatures
  A scorpion (D:3)
  2 adders (D:3)
  A worm (D:2)
  A dart slug (D:2)
  2 orcs (D:3)
  10 bats
  4 endoplasms
  3 giant cockroaches
  4 goblins
  10 hobgoblins
  3 jackals (D:2)
  6 quokkas
  4 ball pythons
  4 frilled lizards
  3 kobolds
  4 rats
62 creatures vanquished.

Notes
Turn   | Place    | Note
-------+----------+-------------------------------------------
     0 | D:1      | qw the Deep Elf Hunter began the quest for the Orb.
     0 | D:1      | Reached XP level 1. HP: 12/12 MP: 3/3
     0 | D:1      | 0 ||| qw: Version: 0.3-a-9-g12657ce
     0 | D:1      | 0 ||| qw: Game counter: 4228
     0 | D:1      | 0 ||| qw: Always use a shield: true
     0 | D:1      | 0 ||| qw: God list: Okawaru
     0 | D:1      | 0 ||| qw: Allow faded altars: false
     0 | D:1      | 0 ||| qw: Do Orc after D:15 true
     0 | D:1      | 0 ||| qw: Do second Lair branch before Depths: true
     0 | D:1      | 0 ||| qw: Lair rune preference: random
     0 | D:1      | 0 ||| qw: Plans: Normal
     0 | D:1      | 0 ||| PLANNING D:1-11
    45 | D:1      | Reached XP level 2. HP: 16/16 MP: 4/4
    57 | D:1      | Reached skill level 6 in Ranged Weapons
   577 | D:1      | Reached XP level 3. HP: 20/20 MP: 5/5
   790 | D:1      | 790 ||| UPGRADING to +0 ring mail.
   800 | D:1      | 800 ||| DROPPING +0 leather armour.
   801 | D:1      | 801 ||| READING scroll labelled ORACVE VUWIU.
   802 | D:1      | 802 ||| READING scroll labelled PEOSTO YSESSI.
   803 | D:1      | 803 ||| READING scroll labelled HACILA JEUDEE.
   808 | D:1      | 808 ||| DROPPING scroll of butterflies.
  1178 | D:2      | Reached skill level 7 in Ranged Weapons
  1277 | D:2      | 1277 ||| SWAPPING to +0 arbalest.
  1278 | D:2      | 1278 ||| DROPPING +0 shortbow.
  1735 | D:2      | 1735 ||| UPGRADING to amulet of guardian spirit.
  1740 | D:2      | 1740 ||| UPGRADING to ring of protection from fire.
  1741 | D:2      | 1741 ||| DROPPING +6 ring of intelligence.
  1742 | D:2      | 1742 ||| READING 2 scrolls labelled CIMINEMO ATWAV.
  1743 | D:2      | 1743 ||| READING scroll labelled VOZUVA ZEVESS.
  1903 | D:3      | Reached XP level 4. HP: 25/25 MP: 6/6
  1973 | D:3      | Noticed a scorpion
  1979 | D:3      | Killed a scorpion
  1980 | D:3      | Reached skill level 8 in Ranged Weapons
  1980 | D:3      | Reached XP level 5. HP: 9/29 MP: 3/7
  1982 | D:3      | HP: 4/29 [adder (4)]
  1984 | D:3      | HP: 1/29 [frozen (2)]
  1984 | D:3      | Slain by an endoplasm

Levels and vault maps discovered:
D:1:      erik_arrival_orb_chamber, layout_basic, st_stairs_5, minmay_ruptured
D:2:      layout_loops_corners
D:3:      layout_basic, lemuel_crystal_altar, serial_shops,
          nicolae_shop_hallway_plus, minmay_randomly_rotated_circles

Skill      XL: |  1  2  3  4 |
---------------+-------------+-----
Ranged Weapons | 6 7 8 |  8.4
Fighting       | |  1.5
Dodging        | |  2.4
Stealth        | |  1.2

Action                     |  1- 3 |  4- 6 || total
---------------------------+-------+-------++-------
   Fire: Shortbow          |    74 |       ||    74
         Arbalest          |    38 |    17 ||    55
    Use: Scroll            |     5 |       ||     5
 Armour: Leather armour    |     1 |       ||     1
         Ring mail         |     8 |    14 ||    22
  Dodge: Dodged            |    12 |    17 ||    29

Table legend:
 A = Non-vault XP
 B = Vault XP
 C = Vault XP percentage of total XP
 D = Non-vault monster count
 E = Vault monster count
 F = Vault count percentage of total count
                 A         B        C        D         E       F
            +---------+---------+-------+---------+---------+-------
      Total |     101 |     112 |  52.6 |      51 |      11 |  17.7
            +---------+---------+-------+---------+---------+-------
        D:1 |      38 |       8 |  17.4 |      23 |       4 |  14.8
        D:2 |      38 |       0 |   0.0 |      19 |       0 |   0.0
        D:3 |      25 |     104 |  80.6 |       9 |       7 |  43.8
            +---------+---------+-------+---------+---------+-------
